 Dungeon Crawl Stone Soup version 0.26.1-11-gd32895ea62 (webtiles) character file.

Game seed: 8223471461249816094

21490 Destapler the Bludgeoner (level 12, 0/101 HPs)
             Began as a Minotaur Fighter on July 2, 2021.
             Was a High Priest of Cheibriados.
             Slain by an elephant (14 damage)
             ... on level 3 of the Lair of Beasts.
             The game lasted 00:36:55 (15185 turns).

Destapler the Bludgeoner (Minotaur Fighter)        Turns: 15185, Time: 00:36:55

Health: 0/101      AC: 17    Str: 38    XL:     12   Next: 54%
Magic:  0/15       EV:  9    Int: 20    God:    Cheibriados [*****.]
Gold:   1299       SH: 15    Dex: 24    Spells: 11/11 levels left

rFire    . . .     SeeInvis +   a - +4 whip (venom)
rCold    . . .     Faith    .   c - +1 kite shield
rNeg     . . .     Spirit   +   b - +4 ring mail {rPois}
rPois    +         Reflect  .   (helmet restricted)
rElec    .         Harm     .   M - +0 cloak
rCorr    .         Rampage  .   A - +0 pair of gloves
Will     .....     Rnd*Rage +   (no boots)
Stlth    +.........             G - amulet of guardian spirit
HPRegen  0.26/turn              E - ring of see invisible
MPRegen  0.14/turn              f - +4 ring of protection

@: very slow
A: retaliatory headbutt, horns 2, berserk 1, clever 1
a: Renounce Religion, Bend Time, Temporal Distortion, Slouch, Step From Time


You were on level 3 of the Lair of Beasts.
You worshipped Cheibriados.
Cheibriados was extremely pleased with you.
You visited 3 branches of the dungeon, and saw 15 of its levels.
You also visited: Bailey.

You collected 1299 gold pieces.

Inventory:

Hand Weapons
 a - a +4 whip of venom (weapon)
Missiles
 h - 57 poisoned darts (quivered)
 m - 15 boomerangs
 t - 3 throwing nets
Armour
 b - a +4 ring mail of poison resistance (worn)
 c - a +1 kite shield (worn)
 l - a +1 ring mail of fire resistance
 A - a +0 pair of gloves (worn)
 M - a +0 cloak (worn)
Jewellery
 f - a +4 ring of protection (right hand)
 j - an uncursed ring of protection from cold
 r - an uncursed ring of resist corrosion
 E - a ring of see invisible (left hand)
 G - an amulet of guardian spirit (around neck)
Wands
 d - a wand of polymorph (16)
 k - a wand of iceblast (8)
 p - a wand of digging (6)
 u - a wand of flame (22)
 C - a wand of paralysis (14)
Scrolls
 e - 8 scrolls of identify
 g - a scroll of enchant armour
 i - 2 scrolls of remove curse
 n - 5 scrolls of teleportation
 v - a scroll of fear {unknown}
 y - 2 scrolls of fog
 B - a scroll of summoning {unknown}
 D - a scroll of magic mapping {unknown}
 F - a scroll of blinking {unknown}
 I - 2 scrolls of vulnerability {unknown}
 P - a scroll of amnesia {unknown}
Potions
 o - 4 potions of resistance
 s - 2 potions of brilliance {unknown}
 w - 2 potions of magic
 x - 3 potions of curing
 z - 2 potions of might
 H - 3 potions of flight
 K - a potion of attraction {unknown}
 L - a potion of ambrosia
 O - a potion of berserk rage {unknown}
Miscellaneous
 J - a phantom mirror


   Skills:
 - Level 8.0 Fighting
 - Level 5.0(12.2) Axes
 + Level 16.7(16.9) Maces & Flails
 - Level 6.0 Throwing
 - Level 8.0 Armour
 - Level 8.0 Shields
 - Level 6.0 Invocations
 - Level 5.0 Evocations


You had 11 spell levels left.
You didn't know any spells.
Your spell library contained the following spells:

 Spells                   Type           Power        Failure   Level
 Beastly Appendage        Tmut           0%           52%         1
 Corona                   Hex            0%           52%         1
 Ensorcelled Hibernation  Hex/Ice        0%           65%         2
 Poisonous Vapours        Pois/Air       0%           65%         2
 Wereblood                Tmut           0%           65%         2
 Confusing Touch          Hex            0%           87%         3
 Conjure Flame            Conj/Fire      0%           87%         3
 Dazzling Flash           Conj/Hex       0%           87%         3
 Mephitic Cloud           Conj/Pois/Air  0%           87%         3
 Spider Form              Tmut/Pois      0%           87%         3
 Tukima's Dance           Hex            0%           87%         3
 Ice Form                 Ice/Tmut       0%           99%         4
 Blade Hands              Tmut           0%           100%        5
 Freezing Cloud           Conj/Ice/Air   0%           100%        6


Dungeon Overview and Level Annotations

Branches:
Dungeon (11/15)            Temple (1/1) D:5            Lair (3/6) D:11
 Shoals (0/4) Lair:3          Orc (0/2) D:9          Bailey (visited)
  Snake: Lair:2-4    Spider: Lair:2-4

Altars:
Cheibriados
Dithmenos
Elyvilon
Fedhas
Gozag
Hepliaklqana
Kikubaaqudgha
Makhleb
Nemelex Xobeh
Okawaru
Qazlal
Ru
Sif Muna
Trog
Uskayaw
Vehumet
Wu Jian
Xom
Yredelemnul
Zin
The Shining One

Shops:
D:5 :   D:9 [   D:11 [


Innate Abilities, Weirdness & Mutations

You reflexively headbutt those who attack you in melee.
You have a pair of horns on your head.
You tend to lose your temper in combat.
Your mind is acute. (Int +2)


Message History

The cane toad is almost dead.
You kill the cane toad!
Cheibriados appreciates the change of pace.
The elephant barely misses you. You furiously retaliate!
You headbutt the elephant. You block the elephant's attack.
The elephant tramples you!
* * * LOW HITPOINT WARNING * * *
You hold your ground!
You block the elephant's attack.
You hit the elephant.
The elephant looks as sick as possible!
You headbutt the elephant.
The elephant is severely wounded.
You block the elephant's attack. x2; The elephant tramples you!
* * * LOW HITPOINT WARNING * * *
You hold your ground!
The elephant trunk-slaps you but does no damage.
You feel better. The elephant tramples you!
* * * LOW HITPOINT WARNING * * *
You hold your ground!
You block the elephant's attack. The elephant tramples you!
You die...

### #...P #.... . ###
########## #...
...#..###@Y....#.######...
........YYY....(###.#.....
.P........................
P.........#P####..........
##.....###### ####.##....
#.##### ####.... # ###
###.. ####.### ######..
#####>.....######.#.#...


You could see 4 elephants.

Vanquished Creatures
  A hydra (Lair:3)
  6 two-headed ogres
  3 unseen horrors (D:11)
  A manticore (D:11)
  A centaur zombie (D:10)
  Joseph (D:10)
  2 black mambas
  5 cane toads
  A red devil (D:11)
  2 komodo dragons (Lair:1)
  A troll (D:11)
  Grinder (D:3)
  Prince Ribbit (D:5)
  Sigmund (D:3)
  3 wyverns
  A wraith (D:9)
  A human (D:11)
  12 yaks
  Eustachio (D:6)
  3 hogs (D:11)
  5 basilisks
  10 water moccasins
  2 ice beasts
  6 orc warriors
  An eye of draining (D:10)
  2 black bears
  A phantom (D:9)
  3 sky beasts
  A necrophage (D:9)
  5 ogres
  5 centaurs
  A big kobold (D:11)
  17 bullfrogs
  2 gnoll sergeants
  An electric eel (Lair:1)
  9 wights
  4 howler monkeys
  A bullfrog zombie (D:9)
  4 orc priests
  2 hounds (D:11)
  A gnoll shaman (D:3)
  5 bullfrog skeletons
  5 centaur skeletons
  A jelly (D:11)
  Jessica (D:3)
  2 iguanas
  Ijyb (D:4)
  Terence (D:2)
  4 orc wizards
  13 worker ants
  A hound zombie (D:7)
  A hound skeleton (D:6)
  13 adders
  16 gnolls
  2 howler monkey skeletons
  A shadow imp (D:7)
  A white imp (D:9)
  7 ufetubi
  2 oozes
  An adder zombie (D:7)
  6 leopard geckos
  22 orcs
  8 bats
  3 giant cockroaches
  10 goblins
  9 hobgoblins
  3 jackals (D:1)
  15 kobolds
  7 quokkas
  4 ball pythons
  3 frilled lizards
  3 rats
302 creatures vanquished.

Vanquished Creatures (others)
  A fungus (Lair:1)
  5 plants
6 creatures vanquished.

Grand Total: 308 creatures vanquished

Notes
Turn   | Place    | Note
-------+----------+-------------------------------------------
     0 | D:1      | Destapler the Minotaur Fighter began the quest for the Orb.
     0 | D:1      | Reached XP level 1. HP: 19/19 MP: 0/0
   150 | D:1      | Reached XP level 2. HP: 27/27 MP: 1/1
   626 | D:1      | Reached XP level 3. HP: 32/33 MP: 2/2
  1555 | D:2      | Noticed Terence
  1567 | D:2      | Killed Terence
  1568 | D:2      | Reached XP level 4. HP: 38/41 MP: 3/3
  2135 | D:3      | Noticed Grinder
  2139 | D:3      | Paralysed by Grinder for 5 turns
  2158 | D:3      | Paralysed by Grinder for 4 turns
  2164 | D:3      | Killed Grinder
  2165 | D:3      | Reached skill level 5 in Fighting
  2165 | D:3      | Reached skill level 5 in Armour
  2165 | D:3      | Reached skill level 5 in Shields
  2165 | D:3      | Reached XP level 5. HP: 19/48 MP: 4/4
  2165 | D:3      | Reached XP level 6. HP: 22/56 MP: 5/5
  3058 | D:3      | Found a glowing golden altar of the Shining One.
  3184 | D:3      | Noticed Sigmund
  3198 | D:3      | Killed Sigmund
  3199 | D:3      | Reached skill level 5 in Axes
  3199 | D:3      | Reached XP level 7. HP: 56/62 MP: 6/6
  3252 | D:3      | Noticed Jessica
  3259 | D:3      | Killed Jessica
  3731 | D:4      | Noticed Ijyb
  3739 | D:4      | Killed Ijyb
  3740 | D:4      | Reached skill level 1 in Maces & Flails
  3893 | D:4      | Reached skill level 2 in Maces & Flails
  4708 | D:5      | Entered Level 5 of the Dungeon
  4718 | D:5      | Noticed Prince Ribbit
  4729 | D:5      | Killed Prince Ribbit
  4730 | D:5      | Reached skill level 3 in Maces & Flails
  4730 | D:5      | Reached XP level 8. HP: 71/71 MP: 7/7
  4739 | D:5      | Found a staircase to the Ecumenical Temple.
  4747 | Temple   | Entered the Ecumenical Temple
  4831 | Temple   | Became a worshipper of Cheibriados the Contemplative
  4910 | D:5      | Found a shadowy altar of Dithmenos.
  5262 | D:5      | Found Muilluusme's Book Shoppe.
  5317 | D:5      | Reached skill level 4 in Maces & Flails
  5656 | D:6      | Noticed Eustachio
  5677 | D:6      | Killed Eustachio
  6399 | D:6      | Reached skill level 5 in Maces & Flails
  6731 | D:7      | Found a sacrificial altar of Ru.
  6735 | D:7      | Reached * piety under Cheibriados
  6747 | D:7      | Reached XP level 9. HP: 60/81 MP: 8/8
  6872 | D:7      | Found a flagged portal.
  6884 | Bailey   | Entered a bailey
  6962 | Bailey   | HP: 2/81 [orc warrior/+0 war axe (14)]
  7335 | Bailey   | Found a burning altar of Makhleb.
  7359 | Bailey   | Reached skill level 1 in Throwing
  7359 | Bailey   | Reached skill level 1 in Invocations
  7359 | Bailey   | Reached skill level 1 in Evocations
  7944 | D:7      | Reached ** piety under Cheibriados
  8251 | D:8      | Reached skill level 6 in Maces & Flails
  8493 | D:8      | Noticed a two-headed ogre
  8522 | D:8      | Killed a two-headed ogre
  8523 | D:8      | Reached skill level 7 in Maces & Flails
  8902 | D:8      | Noticed a two-headed ogre
  8912 | D:8      | Killed a two-headed ogre
  8913 | D:8      | Reached XP level 10. HP: 68/88 MP: 7/12
  9021 | D:8      | Noticed a two-headed ogre
  9030 | D:8      | Killed a two-headed ogre
  9138 | D:8      | Reached skill level 8 in Maces & Flails
  9455 | D:9      | Reached *** piety under Cheibriados
  9604 | D:9      | Noticed a two-headed ogre
  9609 | D:9      | Killed a two-headed ogre
  9610 | D:9      | Reached skill level 5 in Throwing
  9610 | D:9      | Reached skill level 5 in Invocations
  9907 | D:9      | Found a staircase to the Orcish Mines.
 10044 | D:9      | Reached skill level 5 in Evocations
 10162 | D:9      | Found Gehehed's Antique Armour Boutique.
 10162 | D:9      | Noticed a two-headed ogre
 10173 | D:9      | Killed a two-headed ogre
 10174 | D:9      | Reached skill level 9 in Maces & Flails
 10266 | D:10     | Entered Level 10 of the Dungeon
 10351 | D:10     | Noticed Joseph
 10367 | D:10     | Killed Joseph
 10429 | D:10     | Reached XP level 11. HP: 94/94 MP: 14/14
 10536 | D:10     | Noticed a two-headed ogre
 10542 | D:10     | Killed a two-headed ogre
 10543 | D:10     | Reached skill level 10 in Maces & Flails
 10665 | D:10     | Reached **** piety under Cheibriados
 11026 | D:10     | Reached skill level 11 in Maces & Flails
 11291 | D:11     | Noticed an unseen horror
 11295 | D:11     | Killed an unseen horror
 11322 | D:11     | Identified the +4 chain mail of Impressiveness {Harm Regen+
                  | Dex+5 Slay-3}
 11348 | D:11     | Reached skill level 12 in Maces & Flails
 11535 | D:11     | Reached ***** piety under Cheibriados
 11576 | D:11     | Noticed an unseen horror
 11604 | D:11     | Killed an unseen horror
 11666 | D:11     | Found a staircase to the Lair.
 11782 | D:11     | Reached skill level 13 in Maces & Flails
 12040 | D:11     | Got an ominously black robe
 12087 | D:11     | Found Caocwiru's Antique Armour Shoppe.
 12106 | D:11     | Found an ancient bone altar of Kikubaaqudgha.
 12389 | D:11     | Noticed an unseen horror
 12397 | D:11     | Killed an unseen horror
 12412 | D:11     | Reached skill level 14 in Maces & Flails
 12517 | Lair:1   | Entered Level 1 of the Lair of Beasts
 12600 | Lair:1   | Identified the cursed +0 robe "Doannom" {Dex+2} (You found
                  | it on level 11 of the Dungeon)
 12791 | Lair:1   | Reached XP level 12. HP: 85/101 MP: 12/15
 13500 | Lair:1   | Reached skill level 15 in Maces & Flails
 13859 | Lair:1   | Gained mutation: You tend to lose your temper in combat.
                  | [potion of mutation]
 13859 | Lair:1   | Gained mutation: Your mind is acute. (Int +2) [potion of
                  | mutation]
 14486 | Lair:2   | Reached skill level 16 in Maces & Flails
 15065 | Lair:3   | Found a staircase to the Shoals.
 15152 | Lair:3   | Noticed a seven-headed hydra
 15176 | Lair:3   | Killed a seven-headed hydra
 15185 | Lair:3   | Slain by an elephant

Illustrated notes

Levels and vault maps discovered:
D:1:      lightli_arrival_farm, layout_basic, serial_forest,
          infiniplex_forest_3_way, infiniplex_forest_straight_1,
          infiniplex_forest_corner_1, infiniplex_forest_clump_small,
          infiniplex_forest_clump_small, infiniplex_forest_lined_room_3,
          infiniplex_forest_lined_2, infiniplex_forest_lined_2
D:2:      layout_loops_corners, uniq_terence
D:3:      layout_loops_ring, serial_forest, infiniplex_forest_lined_3_way,
          infiniplex_forest_side_room, infiniplex_forest_lined_2,
          infiniplex_forest_lined_3, infiniplex_forest_split,
          infiniplex_forest_lined_room_2, infiniplex_forest_clump_medium,
          infiniplex_forest_end_3, tso_altar, uniq_jessica, uniq_grinder,
          uniq_sigmund
D:4:      layout_loops_ring, uniq_ijyb
D:5:      layout_loops_ring, minmay_temple_entry_glass, serial_shops, shop,
          basic_altar, patterned_corridor, uniq_prince_ribbit1
D:6:      layout_loops_corners, uniq_eustachio
D:7:      layout_gridville, lemuel_crystal_altar, enter_bailey_2, st_stairs_5
D:8:      layout_loops_ring
D:9:      layout_roguey, orc_0_dummy, serial_shops, shop
D:10:     layout_stronghold, hangedman_glass_teeth, uniq_joseph
D:11:     layout_long_grid, david_lair_generic, serial_shops, shop,
          grunt_livestock, lemuel_hellish_altar
Temple:   compressed_dpeg_triangle_lava_temple
Lair:1:   layout_long_grid, infiniplex_staircase_pool, grunt_megastairs_4
Lair:2:   layout_cave_pods, grunt_megastairs_1
Lair:3:   layout_layer_cave, minmay_shoals_entry_centaurs,
          nicolae_spider_entry_orb_guardian, eino_small_chamber_without_monster,
          chequers_serial_rivers_marsh, infiniplex_staircase_pool_2,
          serial_bayou_shore_a

Skill      XL: |  1  2  3  4  5  6  7  8  9 10 11 12 |
---------------+-------------------------------------+-----
Shields        | 4 5 6 8 |  8.0
Fighting       | 4 5 6 7 8 |  8.0
Armour         | 4 5 6 8 |  8.0
Axes           | 3 4 5 |  5.0
Maces & Flails | 3 5 7 9 14 16 | 16.7
Throwing       | 4 6 |  6.0
Invocations    | 4 6 |  6.0
Evocations     | 3 5 |  5.0

Action                   |  1- 3 |  4- 6 |  7- 9 | 10-12 || total
-------------------------+-------+-------+-------+-------++-------
Melee: War axe           |    40 |       |       |       ||    40
       Headbutt          |    14 |    12 |    70 |   194 ||   290
       Spear             |    64 |    78 |       |       ||   142
       Whip              |       |    24 |   362 |   515 ||   901
       Demon trident     |       |       |       |     7 ||     7
Throw: Dart              |       |       |     7 |     6 ||    13
       Boomerang         |       |       |     2 |     5 ||     7
Invok: Bend Time         |       |       |     1 |     3 ||     4
       Slouch            |       |       |       |     1 ||     1
  Use: Potion            |       |     4 |     4 |     5 ||    13
       Scroll            |       |     4 |    15 |     3 ||    22
 Stab: Sleeping          |       |       |       |     1 ||     1
Armor: Scale mail        |    41 |    35 |     5 |       ||    81
       Skin              |       |     4 |     1 |       ||     5
       Ring mail         |       |       |   126 |   171 ||   297
Dodge: Dodged            |    25 |    18 |   124 |   112 ||   279
Block: Kite shield       |    41 |    52 |   245 |   278 ||   616
